 Dungeon Crawl Stone Soup version 0.28.0-53-g5a82cb258f (webtiles) character file.

Game seed: 10133174999076163241

166 bnorton916 the Magician (level 5, -3/28 HPs)
             Began as a Deep Elf Fire Elementalist on July 18, 2022.
             Slain by a gnoll
             ... wielding a +0 halberd
              (13 damage)
             ... on level 3 of the Dungeon.
             The game lasted 00:02:17 (3655 turns).

bnorton916 the Magician (DEFE)                      Turns: 3655, Time: 00:02:18

Health: -3/28      AC:  2    Str:  5    XL:     5   Next: 22%
Magic:  10/14      EV: 12    Int: 22    God:
Gold:   68         SH:  0    Dex: 15    Spells: 10/13 levels left

rFire   . . .      SeeInvis .   (no weapon)
rCold   . . .      Faith    .   (no shield)
rNeg    . . .      Spirit   .   a - +0 robe
rPois   .          Reflect  .   (no helmet)
rElec   .          Harm     .   (no cloak)
rCorr   .          Rampage  .   (no gloves)
Will    .....                   (no boots)
Stlth   ++........              (no amulet)
HPRegen 0.09/turn               (no ring)
MPRegen 0.14/turn               (no ring)

@: no status effects
A: no striking features
a: no special abilities


You were on level 3 of the Dungeon.
You visited 1 branch of the dungeon, and saw 3 of its levels.

You collected 68 gold pieces.

Inventory:

Hand Weapons
 j - a +0 vampiric dagger
Missiles
 d - 57 stones
 g - 8 atropa-tipped darts
 i - 3 curare-tipped darts
 k - 8 boomerangs
 m - 6 poisoned darts
Armour
 a - a +0 robe (worn)
Scrolls
 b - 3 scrolls of identify {unknown}
 f - a scroll of fog {unknown}
 h - a scroll of noise {unknown}
 o - a scroll of teleportation {unknown}
Potions
 c - a potion of mutation {unknown}
 e - a potion of heal wounds {unknown}
 l - a potion of degeneration {unknown}
 n - a potion of ambrosia {unknown}


   Skills:
 - Level 2.4 Dodging
 - Level 2.4 Stealth
 + Level 4.9 Spellcasting
 + Level 3.2 Conjurations
 + Level 4.6 Fire Magic


You had 10 spell levels left.
You knew the following spells:

 Your Spells              Type           Power      Damage    Failure   Level
a - Foxfire               Conj/Fire      88%        2x1d8     1%          1
b - Scorch                Fire           50%        2d7       2%          2

Your spell library contained the following spells:

 Spells                   Type           Power      Damage    Failure   Level
 Conjure Flame            Conj/Fire      22%        6-21      6%          3
 Animate Skeleton         Necr           10%        N/A       11%         1
 Pain                     Necr           20%        1d5       11%         1
 Inner Flame              Hex/Fire       15%        N/A       12%         3
 Flame Wave               Conj/Fire      22%        2d7       21%         4
 Gell's Gravitas          Tloc           5%         N/A       30%         3
 Lesser Beckoning         Tloc           5%         N/A       30%         3
 Teleport Other           Tloc           5%         N/A       30%         3
 Vampiric Draining        Necr           5%         2d6       30%         3
 Irradiate                Conj/Tmut      6%         3d16      82%         5
 Blade Hands              Tmut           2%         N/A       96%         5
 Dragon Form              Tmut           2%         N/A       100%        7


Dungeon Overview and Level Annotations

Branches:
Dungeon (3/15)

Altars:
Sif Muna

Annotations:
D:2 Natasha


Message History

You start resting.
Natasha, Servant of Life and Death comes into view.
She is carrying a wand of flame (10).
Natasha is nearby!
Casting: Scorch (safe; 2% risk of failure)
Confirm with . or Enter, or press ? or * to list all spells.
You conjure some foxfire!
Natasha hisses angrily.
Natasha mumbles some strange words.
The foxfire hits Natasha.
Natasha is moderately wounded.
The crimson imp blinks!
Casting: Foxfire (safe; 1% risk of failure)
Confirm with . or Enter, or press ? or * to list all spells.
You conjure some foxfire!
The foxfire hits Natasha.
Natasha is heavily wounded.
Natasha casts a spell.
The foxfire hits the crimson imp.
The crimson imp completely resists.
The foxfire hits the crimson imp.
The crimson imp completely resists.
Natasha howls an incantation.
Natasha shimmers violently.
Casting: Foxfire (safe; 1% risk of failure)
Confirm with . or Enter, or press ? or * to list all spells.
You conjure some foxfire!
Natasha casts a spell.
The crimson imp barely misses you.
The foxfire hits the crimson imp.
The crimson imp completely resists.
The foxfire hits the crimson imp but does no damage.
The crimson imp completely misses you. The crimson imp hits you.
You climb downwards.
The gnoll hits you from afar with a +0 halberd!
The gnoll closely misses you.
There is a stone staircase leading up, spattered with blood here.
Casting: Foxfire (safe; 1% risk of failure)
Confirm with . or Enter, or press ? or * to list all spells.
Flames lash the gnoll.
The gnoll is almost dead.
The gnoll's fire resistance burns away.
The gnoll hits you from afar with a +0 halberd!
You die...

###..........#
###.........####
#............# ###########
#####.......#.##.#
#.......##.
###..####.....#.##.#
#.......#..
##......####...#.##.#
#.......#..
....##....####.#.##.#
#.......#..
.h.####..÷..g.g#.##.#
#.....>.##. .###
#######...@...###.......###
. ###.......#.......##. .
#.#.###.#..†.##.##. .
#.###.##.#.†####.##. h
##.#.....#..####.##. .
#........#..^....##. .
#.#.#.##....)....... #
#......#........
####.#.#.8...##.


You could see 2 gnolls.

Vanquished Creatures
  A scorpion zombie (D:3)
  Natasha (twice) (D:3 D:2)
  A hound skeleton (D:3)
  2 worms (D:2)
  11 endoplasms
  2 giant cockroaches
  9 goblins
  3 hobgoblins
  6 jackals
  5 kobolds
  A quokka (D:1)
  7 ball pythons
  A ball python skeleton (D:3)
  6 bats
  2 frilled lizards (D:1)
  3 rats
62 creatures vanquished.

Vanquished Creatures (others)
  266 foxfires
  3 plants (D:3)
  6 withered plants (D:3)
275 creatures vanquished.

Grand Total: 337 creatures vanquished

Notes
Turn   | Place    | Note
-------+----------+-------------------------------------------
     0 | D:1      | bnorton916 the Deep Elf Fire Elementalist began the quest
                  | for the Orb.
     0 | D:1      | Reached XP level 1. HP: 10/10 MP: 6/6
   301 | D:1      | Reached XP level 2. HP: 15/15 MP: 2/8
  1492 | D:2      | Reached XP level 3. HP: 15/19 MP: 2/10
  1499 | D:2      | Learned a level 2 spell: Scorch
  2841 | D:2      | Found a shimmering blue altar of Sif Muna.
  2847 | D:2      | Identified the +1 plate armour "Urocsu" {+Inv rC- rN+
                  | Str+2}
  2870 | D:2      | Found a faded altar of an unknown god.
  3002 | D:3      | Reached XP level 4. HP: 24/24 MP: 9/12
  3167 | D:3      | Found the +2 ratskin cloak {*Rats rPois rN+ Str-1 Int-1
                  | Dex+1}
  3426 | D:3      | Noticed Natasha
  3439 | D:3      | Killed Natasha
  3439 | D:3      | Noticed Natasha
  3440 | D:3      | Reached XP level 5. HP: 28/28 MP: 10/14
  3450 | D:2      | Killed Natasha
  3646 | D:2      | Noticed Natasha
  3655 | D:3      | Slain by a gnoll

Illustrated notes

Levels and vault maps discovered:
D:1:      lightli_arrival_chessboard, layout_rooms
D:2:      cheibrodos_greedy_goblins, layout_rooms, basic_altar,
          ebering_ecumenical_altar_abandoned
D:3:      layout_loops_cross, mainiacjoe_overflow_24_doors, serial_undead,
          serial_undead_c, serial_undead_e, serial_undead_d, serial_undead_b,
          minmay_misc_feat_x, nicolae_grassy_gnolls, uniq_natasha

Skill      XL: |  1  2  3  4 |
---------------+-------------+-----
Conjurations   | 2 3 |  3.2
Spellcasting   | 4 |  4.9
Fire Magic     | 4 |  4.6
Dodging        | |  2.4
Stealth        | |  2.4

Action                   |  1- 3 |  4- 6 || total
-------------------------+-------+-------++-------
 Cast: Foxfire           |   125 |    26 ||   151
       Scorch            |     7 |     6 ||    13
Armor: Robe              |     7 |     1 ||     8
Dodge: Dodged            |    24 |     7 ||    31
